Map: Pride of Altaris LE

Players

XFilez

  • Race: Protoss Protoss
  • League: Diamond
  • Spawn Location: 5:00

Boots - Winner!

  • Race: Zerg Zerg
  • League: Diamond
  • Spawn Location: 11:00

VOD

Have the link to the VOD?

Description

Time

  • Played on: May 28, 2022, 7:18 a.m.
  • Length: 13:54
Show
View Real Time Build Order
Export as new Build Order

XFilez Protoss 

Build Orders:  

Get SALT Encoding   

  12  0:01  Probe  
  13  0:13  Probe  
  14  0:19  Pylon  
  14  0:27  Probe  
  15  0:39  Probe  
  16  0:43  Gateway  
  16  0:57  Probe  
  17  1:06  Forge  
  17  1:10  Probe  
  18  1:19  Pylon  
  18  1:29  Pylon  
  18  1:46  Zealot  
  20  1:50  Assimilator  
  20  1:59  Assimilator  
  20  2:07  Nexus  
  20  2:12  Cybernetics Core  
  20  2:15  Photon Cannon  
  20  2:25  Probe (Chrono Boost)  
  22  2:37  Probe (Chrono Boost)  
  22  2:43  Probe (Chrono Boost)  
  22  3:02  Pylon  
  22  3:05  Zealot  
  23  3:10  Stargate  
  23  3:14  Photon Cannon  
  23  3:19  Probe  
  24  3:29  Probe (Chrono Boost)  
  26  3:36  Zealot, Probe (Chrono Boost)  
  26  3:40  Probe (Chrono Boost)  
  29  3:43  Warp Gate  
  29  3:45  Probe x2 (Chrono Boost)  
  31  3:51  Pylon  
  32  3:55  Probe  
  36  4:10  Void Ray  
  36  4:15  Photon Cannon  
  36  4:22  Probe x2  
  38  4:28  Twilight Council  
  38  4:31  Zealot  
  38  4:34  Probe (Chrono Boost)  
  38  4:35  Probe (Chrono Boost)  
  44  4:46  Probe (Chrono Boost)  
  44  4:47  Probe (Chrono Boost)  
  48  4:58  Void Ray  
  48  5:03  Probe  
  48  5:06  Probe  
  50  5:15  Probe  
  50  5:18  Probe  
  52  6:35  Dark Shrine  
  52  6:40  Gateway  
  52  6:42  Gateway  
  52  6:47  Pylon  
  52  6:48  Pylon  
  56  7:23  Photon Cannon, Gateway  
  56  7:25  Probe x2  
  58  7:37  Probe x2  
  60  7:49  Pylon x2  
  58  7:56  Pylon  
  52  7:58  Pylon  
  48  8:07  Void Ray, Dark Templar x2  
  50  8:16  Pylon x2  
  48  8:24  Assimilator  
  48  8:26  Assimilator  
  48  8:40  Dark Templar x2  
  48  8:41  Dark Templar  
  57  8:50  Void Ray  
  57  8:55  Probe  
  58  9:04  Probe  
  58  9:07  Probe  
  60  9:14  Archon x2  
  60  9:16  Probe, Dark Templar  
  63  9:18  Zealot x2  
  63  9:19  Probe  
  63  9:20  Nexus  
  68  9:28  Probe, Pylon  
  70  9:31  Probe  
  70  9:40  Probe  
  70  9:43  Probe  
  72  9:51  Dark Templar x2  
  76  9:53  Archon, Probe  
  76  9:55  Archon, Probe  
  78  10:05  Probe  
  78  10:06  Void Ray  
  83  10:07  Probe  
  83  10:09  Gateway  
  83  10:11  Gateway  
  84  10:17  Probe  
  85  10:23  Forge  
  85  10:33  Zealot  
  85  10:34  Zealot x3  
  93  10:43  Shield Battery  
  69  11:00  Dark Templar x3  
  69  11:01  Dark Templar  
  74  11:17  Dark Templar x2  
  63  11:29  Probe (Chrono Boost)  
  64  11:39  Probe (Chrono Boost)  
  65  11:44  Probe (Chrono Boost)  
  66  11:52  Zealot x5  
  66  11:53  Zealot  
  78  11:55  Probe  
  78  11:58  Pylon  
  78  11:59  Pylon  
  79  12:03  Charge  
  79  12:07  Probe  
  80  12:10  Probe  
  80  12:11  Probe  
  82  12:15  Stalker x3  
  82  12:16  Stalker x2  
  82  12:17  Stalker  
  82  12:19  Probe  
  95  12:23  Probe x2  
  97  12:31  Probe  
  97  12:32  Photon Cannon x3  
  97  12:33  Shield Battery x2  
  97  12:34  Shield Battery  
  97  12:35  Photon Cannon, Probe  
  99  12:37  Shield Battery  
  99  12:42  Stalker x6  
  99  12:43  Probe  
  112  12:45  Shield Battery, Pylon  
  112  12:48  Probe x2  
  112  12:50  Void Ray  
  118  12:52  Assimilator  
  118  12:56  Probe  
  113  13:00  Probe  
  102  13:14  Stalker x2  
  102  13:15  Stalker x3  
  102  13:38  Zealot x5  
  102  13:39  Zealot  
Show
View Real Time Build Order
Export as new Build Order

Boots Zerg - Winner!

Build Orders: Hatch First 

Get SALT Encoding   

  12  0:00  Drone  
  13  0:12  Overlord  
  13  0:19  Drone  
  14  0:22  Extractor  
  14  0:23  Drone  
  15  0:34  Drone  
  16  0:50  Hatchery  
  16  0:54  Drone  
  16  1:00  Drone  
  16  1:01  Drone  
  18  1:19  Spawning Pool  
  17  1:31  Drone x2  
  19  1:34  Drone  
  20  1:58  Overlord  
  20  2:09  Queen x2  
  20  2:10  Zergling x2  
  20  2:11  Zergling x2  
  26  2:21  Drone  
  27  2:23  Drone x2  
  29  2:40  Drone  
  29  2:42  Drone  
  30  3:01  Hatchery, Queen  
  30  3:02  Drone  
  30  3:03  Drone x4  
  36  3:11  Extractor, Drone  
  36  3:16  Overlord  
  36  3:34  Overlord  
  36  3:35  Drone  
  36  3:36  Drone x2  
  39  3:41  Drone  
  39  3:42  Extractor, Drone  
  39  3:44  Drone  
  41  3:50  Drone  
  41  3:54  Drone  
  43  3:58  Drone  
  43  4:00  Overlord  
  44  4:08  Roach Warren  
  44  4:10  Drone  
  44  4:11  Extractor, Drone x3  
  46  4:21  Drone x5  
  52  4:24  Drone  
  52  4:34  Overlord x2  
  52  4:40  Drone x2  
  52  4:45  Drone x2  
  56  4:46  Drone  
  56  4:49  Extractor, Drone x3  
  56  4:52  Queen  
  61  4:53  Drone  
  61  4:54  Hatchery  
  61  4:55  Lair  
  61  4:58  Metabolic Boost  
  60  5:04  Spore Crawler  
  60  5:06  Spore Crawler  
  58  5:08  Spore Crawler  
  58  5:09  Drone  
  58  5:10  Drone  
  58  5:13  Drone x6  
  58  5:14  Drone  
  66  5:23  Queen  
  68  5:30  Roach x4  
  71  5:43  Roach  
  71  5:44  Roach  
  73  5:59  Overlord x4  
  69  6:15  Queen  
  69  6:16  Queen x2  
  75  6:23  Roach x4  
  75  6:24  Roach x7  
  97  6:45  Glial Reconstitution  
  97  6:46  Spore Crawler  
  93  7:12  Overlord x4  
  93  7:21  Hatchery  
  92  7:24  Overseer  
  76  7:54  Zergling x2  
  76  7:55  Zergling x22  
  70  8:30  Drone x5  
  70  8:31  Drone x4  
  72  8:42  Extractor  
  72  8:46  Extractor  
  72  8:47  Spore Crawler  
  65  8:52  Roach  
  65  8:53  Roach x7  
  80  8:59  Hydralisk Den, Overseer  
  79  9:04  Roach  
  79  9:05  Roach x7  
  79  9:07  Queen  
  97  9:18  Overlord x2  
  97  9:21  Roach x3  
  103  9:28  Drone  
  103  9:31  Overlord x2  
  104  9:36  Overseer  
  104  9:39  Hydralisk, Grooved Spines  
  104  9:40  Hydralisk x6  
  118  9:58  Hydralisk  
  118  9:59  Hydralisk x8  
  136  10:18  Hatchery  
  135  10:21  Extractor  
  135  10:23  Overseer  
  135  10:26  Pneumatized Carapace  
  134  10:36  Hydralisk, Evolution Chamber x2  
  134  10:37  Hydralisk  
  114  10:59  Roach x7  
  108  11:23  Overseer  
  108  11:24  Overseer  
  90  11:28  Roach x11  
  90  11:29  Roach x8  
  126  11:35  Queen  
  126  11:37  Drone x5  
  126  11:38  Drone x2  
  131  11:41  Zerg Missile Weapons Level 1, Zerg Ground Armor Level 1  
  123  11:49  Hydralisk x5  
  133  12:01  Muscular Augments  
  133  12:09  Drone  
  133  12:10  Overlord x4  
  134  12:17  Infestation Pit  
  134  12:21  Spire  
  132  12:23  Hydralisk  
  132  12:25  Extractor  
  133  12:38  Hydralisk x9  
  133  12:39  Hydralisk x3  
  133  12:42  Overlord  
  157  12:44  Overseer x2  
  157  12:45  Overseer  
  145  13:14  Roach  
  145  13:15  Roach x5  
Tags
 
Add a new tag
Caveats
  • Supply blocks, unpowered buildings, or Contaminate may cause inaccurate times.
  • Supply counts are checked every 10 seconds.